 Dungeon Crawl Stone Soup version 0.27-a0-1500-g450c7e4133 (webtiles) character file.

Game seed: 3839204576190700515

2824 garrulousMonolith the Martial Artist (level 9, -7/68 HPs)
             Began as a Gnoll Transmuter on July 7, 2021.
             Was a Believer of Okawaru.
             Mangled by a troll (9 damage)
             ... on level 7 of the Dungeon.
             The game lasted 00:16:31 (9200 turns).

garrulousMonolith the Martial Artist (GnTm)         Turns: 9200, Time: 00:16:32

Health: -7/68      AC:  2    Str: 10    XL:     9   Next: 73%
Magic:  17/19      EV: 24    Int: 15    God:    Okawaru [**....]
Gold:   453        SH:  0    Dex: 18    Spells: 11/21 levels left

rFire    . . .     SeeInvis .     - Unarmed
rCold    . . .     Faith    .   (shield currently unavailable)
rNeg     . . .     Spirit   .   (armour currently unavailable)
rPois    x         Reflect  .   (helmet currently unavailable)
rElec    .         Harm     .   (cloak currently unavailable)
rCorr    .         Rampage  .   (gloves currently unavailable)
Will     +....                  (boots currently unavailable)
Stlth    +++.......             (no amulet)
HPRegen  0.21/turn              h - ring of wizardry
MPRegen  0.16/turn              t - ring of willpower

@: spider-form
A: venomous fangs, tiny, (fangs 1), strong nose, distributed training
a: End Transformation, Renounce Religion, Heroism


You were on level 7 of the Dungeon.
You worshipped Okawaru.
Okawaru was pleased with you.
You were a venomous arachnid creature.
You visited 2 branches of the dungeon, and saw 8 of its levels.

You collected 453 gold pieces.

Inventory:

Hand Weapons
 l - a +0 rapier of flaming
 x - the +6 dagger "Qiunod" {freeze, Dex+2}
   (You found it on level 5 of the Dungeon)

   It has been specially enchanted to freeze those struck by it, causing extra
   injury to most foes and up to half again as much damage against particularly
   susceptible opponents.
   It can also slow down cold-blooded creatures.
   Dex:       It affects your dexterity (+2).
 B - a +2 dagger of venom
Missiles
 g - 2 throwing nets
 n - 24 poisoned darts (quivered)
Armour
 i - a +2 pair of boots (melded)
 k - a +0 helmet (melded)
 o - a +1 leather armour of poison resistance (melded)
 E - a +1 chain mail of fire resistance
Jewellery
 h - a ring of wizardry (left front leg)
 m - a ring of protection from cold
 t - a ring of willpower (right front leg)
 w - a ring of flight
Wands
 p - a wand of digging (4)
Scrolls
 d - a scroll of noise {unknown}
 e - a scroll of amnesia {unknown}
 f - a scroll of vulnerability {unknown}
 q - a scroll of summoning {unknown}
 s - a scroll of enchant weapon {unknown}
 u - a scroll of teleportation {unknown}
 v - a scroll of holy word {unknown}
 y - 2 scrolls of immolation
 F - a scroll of silence {unknown}
Potions
 a - a potion of curing
 b - a potion of berserk rage
 c - 2 potions of brilliance
 j - 2 potions of heal wounds {unknown}
 r - a potion of flight {unknown}
 z - 2 potions of might {unknown}
 A - a potion of lignification {unknown}
 C - 2 potions of haste {unknown}


   Skills:
 + Level 5.3 Fighting
 + Level 4.5 Short Blades
 + Level 4.5 Long Blades
 + Level 4.5 Axes
 + Level 4.5 Maces & Flails
 + Level 4.5 Polearms
 + Level 4.5 Staves
 + Level 4.5 Slings
 + Level 4.5 Bows
 + Level 4.5 Crossbows
 + Level 4.5 Throwing
 + Level 4.5 Armour
 + Level 6.5 Dodging
 + Level 4.5 Stealth
 + Level 4.5 Shields
 + Level 8.0 Unarmed Combat
 + Level 6.8 Spellcasting
 + Level 3.7 Conjurations
 + Level 3.7 Hexes
 + Level 3.7 Summonings
 + Level 3.7 Necromancy
 + Level 3.7 Translocations
 + Level 5.4 Transmutations
 + Level 3.7 Fire Magic
 + Level 3.7 Ice Magic
 + Level 3.7 Air Magic
 + Level 3.7 Earth Magic
 + Level 3.7 Poison Magic
 + Level 5.0 Invocations
 + Level 4.5 Evocations


You had 11 spell levels left.
You knew the following spells:

 Your Spells              Type           Power      Damage    Failure   Level
a - Beastly Appendage     Tmut           42%        N/A       2%          1
b - Wereblood             Tmut           21%        N/A       3%          2
c - Spider Form           Tmut/Pois      9%         N/A       7%          3
d - Ice Form              Ice/Tmut       18%        N/A       17%         4

Your spell library contained the following spells:

 Spells                   Type           Power      Damage    Failure   Level
 Sublimation of Blood     Necr           8%         N/A       5%          2
 Summon Hydra             Summ           8%         N/A       100%        7


Dungeon Overview and Level Annotations

Branches:
Dungeon (7/15)             Temple (1/1) D:5

Altars:
Ashenzari
Cheibriados
Dithmenos
Elyvilon
Fedhas
Gozag
Hepliaklqana
Kikubaaqudgha
Makhleb
Nemelex Xobeh
Okawaru
Qazlal
Ru
Sif Muna
Trog
Uskayaw
Wu Jian
Xom
Yredelemnul
Zin
The Shining One

Shops:
D:3 (

Annotations:
D:7 Dowan, Duvessa


Innate Abilities, Weirdness & Mutations

You are a venomous arachnid creature.
You have poisonous fangs.
You are tiny and dextrous.
Your spellcasting is less reliable in this form.
Your armour is entirely melded.
You are incapable of wielding weapons or throwing items.
((You have very sharp teeth.))
Your uncanny sense of smell can sniff out nearby items.
Your experience applies equally to all skills.


Message History

Confirm with . or Enter, or press ? or * to list all spells.
You extend your transformation's duration.
The troll completely misses you. The troll claws you.
The troll closely misses you.
You barely miss the troll.
The troll is moderately wounded.
You hit the troll but do no damage.
The troll is moderately wounded.
The troll completely misses you. The troll misses you. The troll claws you!
You are too injured to fight recklessly!
You are too injured to fight recklessly!
You are too injured to fight recklessly!
You are too injured to fight recklessly!
You bite the troll!
The troll is heavily wounded.
The troll closely misses you. x3; A sky beast appears from thin air!
Reactivating autopickup.
You bite the troll!
The troll looks as sick as possible!
The troll is almost dead.
The troll bites you! The troll completely misses you.
The troll barely misses you.
The sky beast is engulfed in blazing flames.
You hit the troll.
The troll looks as sick as possible!
The troll is almost dead.
The troll bites you! The troll claws you!
* * * LOW HITPOINT WARNING * * *
The troll completely misses you.
The sky beast is engulfed in blazing flames.
The sky beast dies!
Okay, then.
Okay, then.
Okay, then.
Okay, then.
As you read the scroll labelled ASIAMABLUP, it crumbles to dust.
It is a scroll of enchant armour.
Your +0 chain mail of fire resistance glows green for a moment.
The troll bites you!
* * * LOW HITPOINT WARNING * * *
The troll claws you!
You die...

###### # ##### #.... ###
### #.### ... .....#####
##.... ... #.....es.#
##..### ... .#.#.###T#
##.#.### ... ..#{#
#.###... ... #.#o#
##.#).). ... #.#E#
##.#### ##
##.###.#☼##########.####
...
..§eKg.Oe○..............
≈≈≈
..≈°°○○o○≈≈≈≈≈≈≈≈)≈)≈...
≈≈≈
..≈≈e≈≈≈≈≈≈≈≈≈≈≈≈≈≈≈≈...


You could see a deep elf pyromancer, a troll (extremely poisoned), a fire
elemental (summoned), Dowan and an orc.

Vanquished Creatures
  Sigmund (D:2)
  A warg (D:7)
  A sky beast (D:6)
  3 orc warriors (D:7)
  6 ogres
  A black bear (D:4)
  2 centaurs
  A kobold brigand (D:5)
  4 killer bees (D:7)
  2 wights (D:7)
  6 howler monkeys (D:7)
  6 orc priests
  A bullfrog zombie (D:5)
  A centaur skeleton (D:7)
  9 hounds
  4 orc wizards
  A hound zombie (D:5)
  5 gnolls
  7 adders
  2 white imps
  An ufetubus (D:7)
  3 dart slugs
  21 orcs
  11 bats
  2 endoplasms
  4 giant cockroaches
  2 goblins (D:2)
  9 hobgoblins
  5 jackals
  19 kobolds
  5 quokkas
  9 ball pythons
  3 frilled lizards (D:1)
  7 rats
165 creatures vanquished.

Vanquished Creatures (others)
  A sky beast (D:7)
  24 plants
25 creatures vanquished.

Grand Total: 190 creatures vanquished

Notes
Turn   | Place    | Note
-------+----------+-------------------------------------------
     0 | D:1      | garrulousMonolith the Gnoll Transmuter began the quest for
                  | the Orb.
     0 | D:1      | Reached XP level 1. HP: 17/17 MP: 6/6
   495 | D:1      | Reached XP level 2. HP: 23/23 MP: 7/7
   512 | D:1      | Learned a level 2 spell: Wereblood
  1058 | D:1      | Reached XP level 3. HP: 24/28 MP: 7/9
  1063 | D:1      | Learned a level 3 spell: Spider Form
  1111 | D:1      | Reached skill level 5 in Spellcasting
  1674 | D:2      | Reached skill level 1 in Invocations
  1701 | D:2      | Noticed Sigmund
  1711 | D:2      | Killed Sigmund
  1712 | D:2      | Reached skill level 1 in Short Blades
  1712 | D:2      | Reached skill level 1 in Long Blades
  1712 | D:2      | Reached skill level 1 in Axes
  1712 | D:2      | Reached skill level 1 in Maces & Flails
  1712 | D:2      | Reached skill level 1 in Polearms
  1712 | D:2      | Reached skill level 1 in Staves
  1712 | D:2      | Reached skill level 1 in Slings
  1712 | D:2      | Reached skill level 1 in Bows
  1712 | D:2      | Reached skill level 1 in Crossbows
  1712 | D:2      | Reached skill level 1 in Throwing
  1712 | D:2      | Reached skill level 1 in Armour
  1712 | D:2      | Reached skill level 1 in Stealth
  1712 | D:2      | Reached skill level 1 in Shields
  1712 | D:2      | Reached skill level 1 in Conjurations
  1712 | D:2      | Reached skill level 1 in Hexes
  1712 | D:2      | Reached skill level 1 in Summonings
  1712 | D:2      | Reached skill level 1 in Necromancy
  1712 | D:2      | Reached skill level 1 in Translocations
  1712 | D:2      | Reached skill level 1 in Fire Magic
  1712 | D:2      | Reached skill level 1 in Ice Magic
  1712 | D:2      | Reached skill level 1 in Air Magic
  1712 | D:2      | Reached skill level 1 in Earth Magic
  1712 | D:2      | Reached skill level 1 in Poison Magic
  1712 | D:2      | Reached skill level 1 in Evocations
  1712 | D:2      | Reached XP level 4. HP: 22/35 MP: 7/11
  1712 | D:2      | Reached XP level 5. HP: 25/41 MP: 7/12
  2045 | D:2      | Found a faded altar of an unknown god.
  2047 | D:2      | Noticed a shining eye
  2048 | D:2      | Noticed a great orb of eyes
  2048 | D:2      | Noticed a shining eye
  2048 | D:2      | Noticed a great orb of eyes
  2088 | D:2      | Reached XP level 6. HP: 47/47 MP: 9/13
  2136 | D:2      | Found a shimmering blue altar of Sif Muna.
  2762 | D:2      | Learned a level 4 spell: Ice Form
  2781 | D:3      | Found Ecluics's Antique Weapon Shop.
  2987 | D:3      | Reached skill level 5 in Dodging
  4271 | D:4      | Reached XP level 7. HP: 50/52 MP: 11/15
  4385 | D:4      | Reached skill level 7 in Unarmed Combat
  5032 | D:5      | Entered Level 5 of the Dungeon
  5048 | D:5      | Identified the +6 dagger "Qiunod" {freeze, Dex+2}
  5079 | D:5      | Found a staircase to the Ecumenical Temple.
  5088 | Temple   | Entered the Ecumenical Temple
  5471 | Temple   | Became a worshipper of Warmaster Okawaru
  5615 | D:5      | Found a white marble altar of Elyvilon.
  5616 | D:5      | Paralysed by an orc for 6 turns
  5993 | D:5      | Found an opulent altar of Gozag.
  6013 | D:5      | Reached XP level 8. HP: 60/60 MP: 16/16
  6796 | D:6      | Reached * piety under Okawaru
  7284 | D:6      | Found a hazy altar of Hepliaklqana.
  7785 | D:7      | Reached ** piety under Okawaru
  7789 | D:7      | Reached skill level 5 in Transmutations
  7789 | D:7      | Reached XP level 9. HP: 29/66 MP: 15/18
  8588 | D:7      | Reached skill level 5 in Fighting
  8930 | D:7      | Reached skill level 8 in Unarmed Combat
  9173 | D:7      | Noticed a troll
  9177 | D:7      | Noticed Duvessa
  9177 | D:7      | Noticed a deep elf pyromancer
  9183 | D:7      | Noticed Dowan
  9188 | D:7      | Reached skill level 5 in Invocations
  9200 | D:7      | HP: 2/68 [troll (12)]
  9200 | D:7      | Mangled by a troll

Illustrated notes

Levels and vault maps discovered:
D:1:      wander_arrival_fairy_ring, layout_basic, minmay_misc_feat_room,
          minmay_stone_trees_medium, minmay_pentomino_s4
D:2:      layout_basic, basic_altar, hellmonk_ecumenical_altar_watching_god,
          uniq_sigmund
D:3:      layout_loops_ring, serial_shops,
          nicolae_shop_temple_entry_statues_fountains, serial_bayou,
          serial_bayou_pond_e, serial_bayou_lagoon_b, serial_bayou_pond_a,
          serial_bayou_shore_a
D:4:      layout_basic
D:5:      cheibrodos_thug_alley, layout_rooms, jmf_multi_god_temple,
          minmay_temple_entry_gardened_gates
D:6:      layout_loops_ring, mainiacjoe_overflow_tiny_flanked
D:7:      lemuel_castle_with_subvaults [lemuel_castle_interior_original],
          layout_loops_corners, grunt_ministairs_13, uniq_duvessa, uniq_pikel
Temple:   eino_narrow_crystal_temple

Skill      XL: |  1  2  3  4  5  6  7  8  9 |
---------------+----------------------------+-----
Spellcasting   | 5 6 |  6.8
Invocations    | 1 2 3 4 5 |  5.0
Fighting       | 3 4 5 |  5.3
Short Blades   | 1 2 3 4 |  4.5
Long Blades    | 1 2 3 4 |  4.5
Axes           | 1 2 3 4 |  4.5
Maces & Flails | 1 2 3 4 |  4.5
Polearms       | 1 2 3 4 |  4.5
Staves         | 1 2 3 4 |  4.5
Slings         | 1 2 3 4 |  4.5
Bows           | 1 2 3 4 |  4.5
Crossbows      | 1 2 3 4 |  4.5
Throwing       | 1 2 3 4 |  4.5
Armour         | 1 2 3 4 |  4.5
Stealth        | 1 2 3 4 |  4.5
Shields        | 1 2 3 4 |  4.5
Conjurations   | 1 2 3 |  3.7
Hexes          | 1 2 3 |  3.7
Summonings     | 1 2 3 |  3.7
Necromancy     | 1 2 3 |  3.7
Translocations | 1 2 3 |  3.7
Transmutations | 4 5 |  5.4
Fire Magic     | 1 2 3 |  3.7
Ice Magic      | 1 2 3 |  3.7
Air Magic      | 1 2 3 |  3.7
Earth Magic    | 1 2 3 |  3.7
Poison Magic   | 1 2 3 |  3.7
Evocations     | 1 2 3 4 |  4.5
Dodging        | 5 6 |  6.5
Unarmed Combat | 7 8 |  8.0

Action                   |  1- 3 |  4- 6 |  7- 9 || total
-------------------------+-------+-------+-------++-------
Melee: Unarmed           |    97 |   113 |   326 ||   536
       Bite              |     5 |       |     5 ||    10
       Kick              |     8 |     1 |       ||     9
       Headbutt          |     3 |     2 |       ||     5
       Punch             |       |       |     2 ||     2
Throw: Dart              |       |       |     2 ||     2
 Cast: Beastly Appendage |    14 |     4 |       ||    18
       Spider Form       |     1 |    22 |    31 ||    54
       Ice Form          |       |     1 |     8 ||     9
Invok: Heroism           |       |       |     2 ||     2
  Use: Scroll            |       |       |     8 ||     8
       Potion            |       |       |     5 ||     5
 Stab: Sleeping          |       |     3 |     3 ||     6
       Distracted        |       |       |     1 ||     1
Armor: Robe              |     9 |       |       ||     9
       Leather armour    |    11 |    14 |    18 ||    43
       Skin              |       |     8 |    25 ||    33
Dodge: Dodged            |    73 |   110 |   313 ||   496

Table legend: (Time is in decaauts)
 A = Elapsed time spent in this place.
 B = Non-inter-level travel time spent in this place.
 C = Inter-level travel time spent in this place.
 D = Time resting spent in this place.
 E = Time spent auto-exploring this place.
 F = Levels seen in this place.
 G = Mean time per level.
                   A        B        C        D        E       F      G
               +--------+--------+--------+--------+--------+-----+--------+
         Total |   9197 |   8968 |    229 |   1230 |   5995 |   8 | 1149.6 |
       Dungeon |   8805 |   8584 |    221 |   1230 |   5822 |   7 | 1257.9 |
        Temple |    391 |    383 |      8 |      0 |    173 |   1 |  391.0 |
               +--------+--------+--------+--------+--------+-----+--------+

Top non-repeatable levels by time:
     D:1: 1614 daAuts
     D:7: 1548 daAuts
     D:3: 1274 daAuts
     D:6: 1197 daAuts
     D:2: 1149 daAuts
     D:4: 1013 daAuts
     D:5: 1006 daAuts
  Temple: 391 daAuts
